Map: Canyon of Tribulation

Players

HoneyBadger

  • Race: Protoss Protoss
  • League: Diamond
  • Spawn Location: 6:00

MegroN

  • Race: Terran Terran
  • League: Diamond
  • Spawn Location: 12:00

JoMoer

  • Race: Zerg Zerg
  • Spawn Location: 6:00

Genda

  • Race: Protoss Protoss
  • League: Gold
  • Spawn Location: 3:00

FritzOnFire

  • Race: Terran Terran
  • Spawn Location: 7:00

viSion

  • Race: Terran Terran
  • League: Silver
  • Spawn Location: 12:00

VOD

Have the link to the VOD?

Description

Time

  • Played on: May 31, 2019, 10 a.m.
  • Length: 16:14
Show
View Real Time Build Order
Export as new Build Order

HoneyBadger Protoss 

Build Orders: 1 Gate Expand 

Get SALT Encoding   

  12  0:00  Probe  
  13  0:14  Probe  
  14  0:20  Pylon  
  14  0:26  Probe  
  15  0:38  Probe  
  15  0:40  Gateway  
  16  0:46  Probe  
  16  0:50  Assimilator  
  16  0:54  Probe  
  18  1:04  Probe  
  19  1:17  Probe  
  20  1:29  Probe  
  21  1:37  Nexus  
  21  1:50  Assimilator  
  21  1:54  Probe  
  22  1:56  Cybernetics Core  
  22  2:08  Probe  
  23  2:24  Probe  
  23  2:29  Pylon  
  23  2:40  Stalker  
  23  2:42  Stargate  
  23  2:47  Probe  
  23  2:49  Gateway  
  26  2:59  Probe  
  26  3:00  Warp Gate  
  26  3:03  Probe  
  28  3:07  Probe  
  27  3:15  Probe  
  27  3:17  Probe  
  25  3:34  Stalker  
  27  3:48  Probe  
  26  3:51  Stalker  
  27  3:56  Probe  
  28  4:40  Probe x2  
  31  4:52  Probe  
  31  4:53  Pylon, Probe  
  31  4:55  Phoenix  
  31  4:57  Pylon  
  32  5:05  Probe  
  33  5:20  Probe  
  33  5:23  Probe  
  33  5:25  Phoenix  
  33  5:28  Probe  
  37  5:35  Probe  
  39  5:37  Probe  
  40  5:45  Stalker x2  
  40  5:47  Probe  
  45  5:56  Probe  
  46  5:59  Assimilator, Probe  
  46  6:02  Phoenix  
  46  6:03  Assimilator  
  47  6:09  Zealot x2  
  53  6:20  Pylon  
  53  6:33  Phoenix, Probe  
  53  6:37  Pylon  
  53  6:38  Probe  
  55  6:44  Zealot x2  
  55  6:45  Probe  
  62  6:55  Probe  
  63  7:11  Probe x2  
  63  7:12  Fleet Beacon  
  65  7:16  Stalker x2  
  69  7:29  Probe  
  70  7:49  Pylon  
  70  7:50  Pylon  
  70  7:52  Stargate  
  70  8:02  Phoenix  
  70  8:07  Probe x2  
  70  8:11  Anion Pulse-Crystals  
  74  8:19  Probe  
  75  8:22  Phoenix  
  77  8:28  Nexus  
  77  8:30  Pylon  
  77  8:32  Pylon  
  77  8:41  Phoenix  
  77  8:47  Phoenix  
  79  8:53  Pylon  
  79  8:54  Pylon  
  81  9:04  Phoenix  
  81  9:07  Phoenix  
  81  9:09  Stargate  
  85  9:32  Stargate  
  85  9:33  Probe  
  85  9:36  Assimilator, Probe  
  87  9:41  Assimilator, Probe  
  87  9:42  Phoenix  
  87  9:48  Probe  
  87  9:50  Phoenix  
  87  9:51  Probe  
  94  10:00  Probe  
  94  10:02  Cybernetics Core  
  94  10:05  Phoenix  
  97  10:16  Protoss Air Weapons Level 1  
  97  10:19  Phoenix  
  99  10:30  Phoenix  
  99  10:35  Probe  
  101  10:39  Probe x2  
  101  10:41  Phoenix  
  104  10:43  Probe  
  104  10:46  Phoenix  
  107  10:50  Forge  
  107  10:51  Probe x2  
  107  10:53  Probe  
  107  10:54  Phoenix x2  
  116  11:02  Pylon  
  116  11:03  Probe x2  
  118  11:04  Pylon  
  118  11:06  Pylon, Phoenix  
  118  11:08  Stargate  
  120  11:19  Phoenix  
  116  11:36  Phoenix x2  
  116  11:37  Phoenix  
  122  11:44  Phoenix  
  122  11:45  Pylon  
  124  11:47  Protoss Air Armor Level 1  
  124  11:48  Pylon  
  124  11:49  Probe x3  
  124  11:50  Twilight Council  
  127  12:01  Phoenix x2, Probe  
  128  12:02  Phoenix  
  134  12:09  Phoenix  
  136  12:24  Phoenix  
  136  12:26  Phoenix  
  140  12:35  Phoenix  
  140  12:41  Phoenix  
  140  12:42  Phoenix  
  146  12:51  Phoenix  
  146  12:57  Phoenix  
  140  13:06  Phoenix  
  136  13:23  Pylon  
  136  13:26  Pylon  
  134  13:28  Photon Cannon  
  134  13:31  Photon Cannon  
  134  13:34  Photon Cannon  
  134  13:36  Photon Cannon  
  134  13:39  Mothership  
  134  13:50  Protoss Air Armor Level 2  
  108  14:58  Void Ray x2  
Show
View Real Time Build Order
Export as new Build Order

MegroN Terran 

Build Orders:  

Get SALT Encoding   

  12  0:01  SCV  
  13  0:13  SCV  
  14  0:22  Supply Depot  
  14  0:25  SCV  
  15  0:31  Refinery  
  15  0:43  SCV  
  15  0:48  Barracks  
  16  0:55  SCV  
  17  1:07  SCV  
  18  1:12  Barracks  
  18  1:20  SCV  
  19  1:32  Barracks  
  19  1:37  Reaper  
  20  1:54  Orbital Command  
  20  2:00  Supply Depot  
  20  2:09  Refinery, Reaper  
  20  2:12  Reaper  
  21  2:21  SCV  
  22  2:29  Reaper  
  23  2:36  SCV  
  24  2:41  Reaper  
  26  2:44  Reaper  
  26  2:46  Supply Depot  
  26  2:48  SCV  
  27  3:00  SCV  
  27  3:02  Reaper  
  29  3:12  SCV  
  30  3:13  Reaper  
  31  3:24  SCV  
  32  3:40  Reaper x2  
  34  3:46  Reaper  
  35  4:12  Reaper  
  36  4:27  SCV  
  36  4:33  Command Center, Factory  
  36  4:39  SCV  
  37  4:52  Marine  
  35  4:53  Marine x2  
  35  4:58  Engineering Bay  
  38  5:02  SCV  
  38  5:03  Supply Depot  
  38  5:05  Factory  
  38  5:06  Command Center  
  39  5:22  Marine  
  39  5:24  Marine x2  
  41  5:40  Marine  
  41  5:42  Marine  
  43  5:56  Orbital Command  
  42  5:58  Factory Tech Lab  
  42  6:06  Factory Tech Lab  
  42  6:07  Starport  
  42  6:08  Armory x2  
  42  6:11  Starport  
  42  6:18  Refinery  
  42  6:21  Cyclone, Refinery  
  42  6:24  Missile Turret  
  45  6:53  Cyclone  
  48  7:07  Orbital Command  
  48  7:09  SCV x2  
  50  7:21  SCV x2  
  52  7:28  Starport Tech Lab  
  49  7:33  SCV x2  
  51  7:39  Fusion Core  
  51  7:40  Factory Reactor  
  51  7:41  Terran Ship Weapons Level 1, Terran Vehicle And Ship Armor Level 1  
  51  7:45  SCV  
  52  7:52  SCV x2  
  52  7:58  SCV  
  55  8:01  Hellion  
  55  8:04  Banshee x2, SCV x2  
  65  8:22  Hellion  
  66  8:38  Orbital Command  
  64  8:44  Hellion  
  64  8:45  Command Center  
  64  8:47  Battlecruiser  
  72  8:52  Infernal Pre-Igniter  
  72  8:54  Hellion x2  
  76  8:58  Weapon Refit  
  76  9:00  SCV  
  77  9:12  Supply Depot, Hi-Sec Auto Tracking  
  77  9:14  Supply Depot  
  77  9:15  Supply Depot  
  77  9:23  Supply Depot  
  77  9:26  Supply Depot x2  
  77  9:33  Marine  
  77  9:34  SCV x3  
  77  9:37  Supply Depot  
  81  9:40  Hellion  
  81  9:41  Hellion x2  
  87  9:46  SCV x3  
  87  9:51  Supply Depot  
  90  9:53  Supply Depot, Battlecruiser  
  90  9:58  SCV  
  87  10:10  SCV  
  88  10:21  Refinery  
  82  10:22  Refinery  
  82  10:23  Missile Turret  
  82  10:34  Battlecruiser  
  88  10:40  Thor  
  88  10:41  Hellion  
  96  10:50  Command Center  
  96  10:55  Factory, Missile Turret  
  96  10:56  Factory, Refinery  
  96  10:57  Refinery, Missile Turret  
  96  11:00  Factory  
  96  11:15  Battlecruiser  
  96  11:16  Missile Turret  
  96  11:18  Missile Turret  
  99  11:57  Orbital Command  
  99  12:00  Refinery  
  97  12:01  Refinery  
  92  12:23  Missile Turret x2  
  92  12:26  Missile Turret  
  92  12:35  Terran Vehicle And Ship Armor Level 2, Terran Ship Weapons Level 2  
  92  12:40  Factory Tech Lab  
  86  13:25  Factory Tech Lab  
  83  13:28  Factory Tech Lab  
  83  13:32  SCV x3  
  75  13:39  Thor x2  
  85  13:44  SCV x2  
  85  13:46  Battlecruiser x2  
  99  13:49  SCV  
  99  13:52  Orbital Command  
  100  13:56  SCV x2  
  100  14:01  SCV x2  
  104  14:08  Siege Tank x2, SCV x2  
  112  14:13  SCV x2  
  114  14:20  SCV x2  
  114  14:22  Thor  
  114  14:23  Siege Tank  
  125  14:25  SCV x2  
  127  14:32  SCV x2  
  127  14:37  SCV x2  
  128  14:40  Thor x2  
  128  14:44  SCV x2  
  142  14:49  SCV x2  
  144  14:54  Thor  
  132  15:19  Factory x3, SCV  
  132  15:20  SCV x3  
  142  15:38  Missile Turret  
  148  15:43  Hellion x2  
Show
View Real Time Build Order
Export as new Build Order

JoMoer Zerg 

Build Orders: Pool First 

Get SALT Encoding   

  12  0:02  Drone  
  13  0:26  Spawning Pool  
  12  0:28  Extractor  
  12  0:30  Drone  
  12  0:35  Drone  
  13  0:45  Drone  
  14  0:54  Overlord  
  14  1:15  Zergling x6  
  17  1:45  Zergling x4  
  17  1:46  Hatchery  
  18  2:00  Zergling x4  
  20  2:10  Zergling x2  
  21  2:23  Metabolic Boost  
  21  2:38  Lair  
  21  2:45  Drone  
  21  2:48  Overlord  
  22  3:02  Spore Crawler  
  21  3:07  Spore Crawler  
  20  3:39  Zergling x8  
  21  3:56  Zergling x8  
  24  4:13  Zergling x2  
  24  4:14  Zergling x4  
  27  4:32  Zergling x6  
  27  4:37  Zergling x2  
  31  4:50  Zergling x2  
  31  4:51  Zergling x4  
  34  5:01  Drone  
  34  5:05  Overlord x2  
  35  5:22  Queen  
  35  5:33  Zergling x8  
  36  5:50  Zergling x8  
  40  6:07  Spire  
  39  6:11  Extractor  
  39  6:13  Drone  
  39  6:14  Drone, Extractor  
  39  6:36  Zergling x8  
  43  7:07  Zergling x10  
  48  7:11  Drone  
  48  7:14  Drone  
  49  7:57  Zergling x4  
  51  7:59  Overlord x2  
  47  8:37  Corruptor  
  49  8:51  Drone  
  49  8:52  Drone x5  
  55  9:06  Extractor  
  55  9:09  Corruptor  
  54  9:10  Corruptor  
  58  9:35  Corruptor  
  60  9:46  Zerg Flyer Weapons Level 1  
  60  10:08  Evolution Chamber  
  59  10:17  Corruptor x4  
  67  10:34  Overlord x3  
  67  10:35  Overlord x2  
  67  10:55  Corruptor  
  67  10:56  Corruptor x2  
  73  11:02  Corruptor x2  
  77  11:12  Drone x4  
  77  11:13  Drone  
  56  11:58  Corruptor x5  
  62  12:09  Corruptor  
  64  12:27  Corruptor  
  66  12:53  Corruptor x2  
  70  13:21  Corruptor  
  70  13:22  Corruptor x2  
  74  13:39  Corruptor  
  70  14:02  Corruptor x2  
  64  14:27  Zergling x12  
  70  14:42  Zergling x4  
Show
View Real Time Build Order
Export as new Build Order

Genda Protoss 

Build Orders: Carriers 

Get SALT Encoding   

  12  0:01  Probe  
  13  0:13  Probe  
  14  0:24  Pylon  
  14  0:26  Probe  
  15  0:38  Probe  
  16  0:45  Assimilator  
  16  0:46  Probe  
  16  0:51  Gateway  
  16  0:55  Probe  
  17  1:03  Probe  
  18  1:11  Probe  
  19  1:14  Pylon  
  20  1:22  Probe  
  21  1:36  Probe  
  22  1:44  Pylon  
  22  1:48  Probe  
  23  2:00  Probe  
  23  2:01  Forge  
  23  2:04  Cybernetics Core  
  23  2:08  Assimilator  
  23  2:12  Probe  
  24  2:30  Nexus, Probe  
  24  2:32  Warp Gate  
  24  2:35  Stalker  
  25  2:38  Pylon  
  25  2:51  Probe  
  28  2:57  Pylon  
  28  3:03  Probe  
  29  3:08  Gateway  
  29  3:14  Shield Battery  
  29  3:21  Stargate  
  29  3:43  Probe x2  
  31  3:50  Pylon  
  31  3:55  Probe x2  
  33  3:57  Assimilator  
  33  4:01  Stalker  
  35  4:03  Assimilator  
  35  4:05  Probe  
  35  4:06  Probe  
  35  4:09  Phoenix  
  39  4:13  Probe  
  39  4:14  Probe  
  39  4:21  Probe  
  39  4:22  Probe  
  41  4:26  Photon Cannon  
  43  4:31  Shield Battery  
  43  4:33  Probe x2  
  45  4:43  Photon Cannon  
  45  4:45  Probe  
  45  4:49  Stargate  
  45  4:51  Probe  
  47  4:57  Phoenix  
  49  5:16  Probe  
  49  5:20  Probe  
  51  5:29  Probe  
  51  5:35  Fleet Beacon  
  52  5:37  Pylon  
  52  5:51  Phoenix x2  
  56  6:16  Phoenix x2  
  60  6:24  Probe x2  
  62  6:41  Tempest x2  
  70  7:12  Stalker x2  
  70  7:14  Protoss Air Weapons Level 1  
  74  7:26  Cybernetics Core  
  74  7:28  Nexus  
  74  7:29  Assimilator  
  74  7:32  Assimilator  
  74  7:34  Pylon  
  74  7:36  Pylon  
  74  7:37  Pylon  
  74  7:44  Pylon x2  
  74  7:46  Pylon  
  74  7:48  Pylon  
  74  7:49  Pylon, Carrier x2  
  74  7:51  Pylon  
  74  7:55  Protoss Shields Level 1  
  85  8:35  Nexus  
  85  8:36  Pylon  
  85  8:40  Pylon  
  85  8:41  Pylon  
  85  8:47  Carrier  
  85  8:53  Mothership  
  85  8:54  Anion Pulse-Crystals  
  99  8:57  Stargate  
  99  9:00  Stargate  
  99  9:07  Cybernetics Core  
  99  9:19  Protoss Air Weapons Level 2  
  99  9:35  Pylon  
  99  9:39  Probe  
  100  9:47  Probe  
  100  9:49  Shield Battery  
  100  9:51  Probe  
  102  9:57  Photon Cannon  
  102  9:59  Photon Cannon, Probe  
  103  10:00  Shield Battery  
  103  10:03  Carrier, Probe  
  103  10:04  Photon Cannon  
  104  10:11  Probe  
  111  10:15  Probe  
  112  10:21  Pylon  
  112  10:23  Probe  
  112  10:27  Probe  
  114  10:34  Tempest  
  119  10:35  Probe  
  119  10:37  Carrier  
  119  10:39  Probe  
  127  10:47  Probe  
  127  10:48  Probe  
  127  10:49  Carrier  
  135  10:52  Probe  
  136  10:59  Probe  
  137  11:06  Robotics Facility  
  137  11:11  Gateway, Probe  
  138  11:19  Protoss Air Armor Level 1  
  138  11:24  Probe  
  129  13:08  Pylon  
  129  13:12  Pylon  
  129  13:26  Twilight Council  
  129  13:27  Protoss Air Armor Level 2  
  129  13:31  Protoss Air Weapons Level 3  
  129  13:34  Shield Battery  
  129  13:35  Shield Battery  
  129  13:37  Shield Battery  
  129  13:38  Shield Battery  
  129  13:39  Photon Cannon  
  129  13:41  Photon Cannon  
  121  14:13  Observer  
  122  14:17  Dark Shrine  
  122  14:21  Stargate  
  122  14:23  Stargate  
  122  14:25  Stargate  
  122  14:28  Stargate  
  122  14:33  Pylon, Warp Prism  
  124  14:59  Carrier x2  
  124  15:00  Carrier  
  124  15:09  Carrier x4  
  124  15:13  Tempest  
Show
View Real Time Build Order
Export as new Build Order

FritzOnFire Terran 

Build Orders:  

Get SALT Encoding   

  12  0:01  SCV  
  13  0:13  SCV  
  14  0:19  Supply Depot  
  14  0:25  SCV  
  15  0:40  SCV  
  15  0:42  Barracks  
  16  0:52  SCV  
  17  1:22  Command Center  
  17  1:31  Orbital Command  
  17  1:35  Supply Depot  
  17  1:36  Marine  
  18  2:01  Supply Depot, Marine  
  19  2:09  SCV  
  20  2:19  Marine  
  20  2:21  SCV  
  22  2:33  SCV  
  22  2:36  Orbital Command  
  23  2:37  Marine  
  24  2:45  SCV  
  25  2:55  Marine  
  25  2:57  SCV  
  27  3:06  Command Center  
  27  3:08  SCV  
  27  3:09  SCV  
  29  3:13  Marine  
  29  3:16  Refinery  
  29  3:17  Refinery  
  30  3:20  SCV  
  30  3:21  SCV  
  32  3:30  Marine  
  32  3:32  SCV  
  32  3:33  Refinery, SCV  
  35  3:41  Refinery  
  35  3:44  SCV  
  35  3:45  SCV  
  37  3:51  Marine  
  38  3:57  SCV x2  
  40  4:09  Marine, SCV  
  43  4:10  SCV  
  43  4:21  SCV  
  43  4:22  SCV  
  43  4:23  Factory  
  45  4:27  Marine  
  46  4:42  Engineering Bay  
  46  4:44  SCV x2  
  46  4:45  Marine, SCV  
  50  4:56  SCV x2  
  50  4:57  SCV  
  53  5:03  Marine  
  53  5:04  Command Center  
  54  5:08  Factory, SCV x2  
  56  5:19  Factory Tech Lab  
  56  5:20  Marine, SCV x2  
  56  5:29  Planetary Fortress  
  56  5:32  SCV  
  56  5:38  Marine  
  53  5:49  Command Center  
  53  5:50  Siege Tank  
  53  5:56  Marine  
  57  5:59  Command Center  
  57  6:02  SCV  
  58  6:14  SCV  
  59  6:22  Siege Tank  
  62  6:26  SCV  
  62  6:30  Marine  
  64  6:38  SCV  
  64  6:48  Marine, Bunker  
  65  6:55  Siege Tank  
  68  7:06  Marine  
  68  7:08  Factory Tech Lab  
  69  7:13  Armory  
  69  7:21  Refinery  
  69  7:24  Marine  
  69  7:27  Siege Tank  
  73  7:33  Refinery  
  73  7:42  Marine  
  74  7:56  Planetary Fortress  
  74  7:59  Siege Tank, SCV x3  
  80  8:11  SCV x3  
  83  8:16  Marine  
  83  8:18  Bunker  
  84  8:36  Supply Depot  
  84  8:37  Supply Depot  
  84  8:39  Supply Depot  
  84  8:41  Thor, Marine, SCV  
  92  8:45  Supply Depot x2  
  92  8:53  Supply Depot  
  92  8:54  Supply Depot  
  92  8:58  Thor, Marine, SCV x2  
  101  9:10  SCV x2  
  101  9:12  SCV x2  
  101  9:16  Marine  
  106  9:19  Refinery  
  106  9:21  Refinery  
  106  9:22  SCV  
  106  9:23  SCV  
  108  9:24  SCV  
  108  9:25  SCV  
  108  9:31  Thor  
  116  9:34  Marine, SCV  
  116  9:35  SCV  
  116  9:36  SCV  
  116  9:37  SCV  
  121  9:41  Thor  
  127  9:46  SCV  
  127  9:47  SCV  
  127  9:51  Supply Depot  
  127  9:52  Terran Vehicle Weapons Level 1  
  129  9:53  Supply Depot  
  129  9:54  Supply Depot  
  129  9:59  SCV  
  130  10:03  Refinery  
  130  10:12  Missile Turret  
  130  10:13  Thor  
  135  10:23  Thor  
  141  10:58  Starport  
  141  11:03  Starport x2  
  141  11:11  Armory  
  141  11:14  Thor  
  147  11:55  Thor  
  147  11:57  Thor  
  124  12:28  Starport Tech Lab x2  
  124  12:29  Starport Tech Lab  
  106  12:37  Thor  
  106  12:39  Thor  
  118  12:46  Terran Ship Weapons Level 1  
  118  12:49  Terran Vehicle And Ship Armor Level 1  
  116  13:01  Fusion Core  
  110  13:13  Missile Turret  
  110  13:23  Missile Turret  
  110  13:31  Missile Turret  
  107  13:49  Battlecruiser x3  
  122  14:21  Hellion  
  122  14:22  Hellion  
  97  14:53  Battlecruiser x2  
  97  14:54  Battlecruiser  
  106  15:29  Barracks  
Show
View Real Time Build Order
Export as new Build Order

viSion Terran 

Build Orders: Mech 

Get SALT Encoding   

  12  0:00  SCV  
  13  0:12  SCV  
  14  0:23  Supply Depot  
  14  0:25  SCV  
  15  0:45  SCV  
  16  0:51  Barracks  
  17  0:57  SCV  
  17  1:02  Refinery  
  17  1:11  SCV  
  18  1:23  SCV  
  19  1:35  SCV  
  20  1:40  Barracks Tech Lab  
  20  1:45  Refinery  
  20  1:48  Orbital Command  
  20  1:59  Supply Depot  
  20  2:08  Marauder  
  22  2:23  Factory  
  22  2:24  SCV  
  23  2:30  Command Center  
  23  2:36  SCV  
  24  2:41  Marauder  
  26  2:48  SCV  
  27  3:13  SCV  
  27  3:16  Command Center  
  28  3:25  SCV  
  29  3:30  Barracks Reactor  
  29  3:38  SCV  
  30  3:41  Siege Tank  
  33  3:50  SCV  
  33  3:53  Supply Depot  
  33  3:55  Supply Depot  
  34  3:56  Supply Depot  
  34  3:57  Supply Depot  
  34  4:02  SCV  
  35  4:04  Orbital Command  
  35  4:14  SCV  
  36  4:26  Factory x2  
  36  4:36  Orbital Command  
  36  4:37  SCV  
  36  4:38  Factory  
  37  4:42  Refinery  
  37  5:39  Factory Reactor  
  37  5:51  Factory Tech Lab  
  37  5:57  Armory  
  37  6:04  Armory  
  37  6:05  Refinery  
  37  6:06  SCV x3  
  40  6:18  SCV  
  41  6:28  Orbital Command  
  41  6:38  Refinery  
  41  6:59  SCV x3  
  44  7:05  Refinery  
  44  7:11  SCV  
  44  7:14  SCV  
  46  7:19  SCV  
  47  7:23  Thor x2, SCV  
  47  7:26  SCV  
  47  7:28  Hellbat x4  
  69  7:35  SCV  
  70  7:47  SCV  
  70  7:49  Hellbat x2  
  70  7:50  Hellbat x2  
  79  7:51  Supply Depot  
  79  7:54  Supply Depot x2  
  79  7:56  Supply Depot  
  79  7:59  Supply Depot  
  79  8:04  Supply Depot  
  79  8:06  Thor x2  
  79  8:07  Supply Depot  
  79  8:10  Terran Vehicle Weapons Level 1  
  79  8:11  Hellbat  
  93  8:13  Hellbat x3  
  99  8:32  Hellbat  
  101  8:34  Hellbat  
  103  8:49  Thor x2  
  115  8:58  Terran Vehicle And Ship Armor Level 1  
  115  9:18  SCV x3  
  118  9:30  SCV x2  
  120  9:31  Thor x2  
  120  9:38  Command Center  
  132  9:41  Factory x2  
  132  9:42  Refinery x2  
  132  9:43  Factory  
  132  9:59  Supply Depot  
  132  10:00  Supply Depot  
  132  10:01  Supply Depot  
  132  10:06  Supply Depot  
  132  10:08  Supply Depot  
  132  10:14  Thor  
  132  10:17  Command Center  
  138  10:29  Command Center  
  138  10:50  Factory Tech Lab  
  138  10:58  Factory Tech Lab  
  138  11:01  Thor x2  
  138  11:03  Factory Tech Lab  
  150  11:18  Terran Vehicle And Ship Armor Level 2, Terran Vehicle Weapons Level 2  
  150  11:27  Orbital Command  
  150  11:30  Orbital Command  
  150  11:35  SCV x3  
  153  11:44  Thor x2  
  165  11:47  SCV x2  
  167  12:17  Thor x3  
  167  12:19  Hellbat  
  167  12:20  Hellbat  
  189  12:27  Thor  
  189  12:28  Orbital Command  
  195  13:34  Terran Ship Weapons Level 1  
Tags
 
Add a new tag
Caveats
  • Supply blocks, unpowered buildings, or Contaminate may cause inaccurate times.
  • Supply counts are checked every 10 seconds.